 Dungeon Crawl Stone Soup version 0.29-a0-334-gb41bcbb86e (webtiles) character file.

Game seed: 3974660298627846028

87 brightshaft the Ducker (level 4, 0/32 HPs)
             Began as a Gnoll Wanderer on Apr 16, 2022.
             Slain by an orc wizard
             ... wielding a +0 dagger
              (3 damage)
             ... on level 3 of the Dungeon.
             The game lasted 00:02:26 (1529 turns).

brightshaft the Ducker (Gnoll Wanderer)             Turns: 1529, Time: 00:02:27

Health: 0/32       AC:  9    Str: 13    XL:     4   Next: 51%
Magic:  8/8        EV: 13    Int:  8    God:
Gold:   127        SH:  0    Dex: 15    Spells: 9/9 levels left

rFire   . . .      SeeInvis .   a - +0 rapier
rCold   . . .      Faith    .   (no shield)
rNeg    . . .      Spirit   .   l - +0 ring mail
rPois   .          Reflect  .   (no helmet)
rElec   .          Harm     .   (no cloak)
rCorr   .          Rampage  .   c - +0 pair of gloves
Will    .....                   n - +0 pair of boots
Stlth   ..........              r - amulet of regeneration
HPRegen 0.90/turn               (no ring)
MPRegen 0.11/turn               (no ring)

@: confused, very slow
A: fangs 1, strong nose, distributed training
a: no special abilities


You were on level 3 of the Dungeon.
You visited 1 branch of the dungeon, and saw 3 of its levels.

You collected 166 gold pieces.
You spent 39 gold pieces at shops.

Inventory:

Hand Weapons
 a - a +0 rapier (weapon)
 b - a +0 hand crossbow
Missiles
 g - 6 javelins
 s - 2 boomerangs of dispersal
Armour
 c - a +0 pair of gloves (worn)
 e - a +0 leather armour
 l - a +0 ring mail (worn)
 n - a +0 pair of boots (worn)
Magical Staves
 q - a staff of air
Jewellery
 r - an amulet of regeneration (around neck)
Scrolls
 h - 2 scrolls of summoning {unknown}
 i - 3 scrolls of enchant weapon {unknown}
 j - a scroll of vulnerability {unknown}
 k - 3 scrolls of identify {unknown}
 m - a scroll of fear {unknown}
 t - a scroll of brand weapon {unknown}
 u - a scroll of amnesia {unknown}
Potions
 d - a potion of brilliance
 f - 3 potions of invisibility {unknown}
 o - a potion of resistance {unknown}
 p - 3 potions of curing {@q1}


   Skills:
 + Level 1.1 Fighting
 + Level 4.6 Short Blades
 + Level 1.1 Long Blades
 + Level 1.1 Axes
 + Level 1.1 Maces & Flails
 + Level 1.1 Polearms
 + Level 1.1 Staves
 + Level 1.1 Slings
 + Level 1.1 Bows
 + Level 2.7 Crossbows
 + Level 1.1 Throwing
 + Level 6.6 Armour
 + Level 6.6 Dodging
 + Level 1.1 Stealth
 + Level 1.1 Shields
 + Level 1.1 Unarmed Combat
 + Level 3.0 Spellcasting
 + Level 0.9 Conjurations
 + Level 0.9 Hexes
 + Level 0.9 Summonings
 + Level 0.9 Necromancy
 + Level 0.9 Translocations
 + Level 0.9 Transmutations
 + Level 0.9 Fire Magic
 + Level 0.9 Ice Magic
 + Level 0.9 Air Magic
 + Level 0.9 Earth Magic
 + Level 0.9 Poison Magic
 + Level 1.2 Invocations
 + Level 1.1 Evocations


You had 9 spell levels left.
You didn't know any spells.
Your spell library was empty.

Dungeon Overview and Level Annotations

Branches:
Dungeon (3/15)

Altars:

Shops:
D:1 !


Innate Abilities, Weirdness & Mutations

You have very sharp teeth.
Your uncanny sense of smell can sniff out nearby items.
Your experience applies equally to all skills.


Message History

The bolt hits the orc wizard but does no damage.
The orc wizard is severely wounded.
You hear some strange, mumbled words.
You are confused.
Something hits you but does no damage.
The orc wizard hits you but does no damage.
Non-targeted confused shoot: b) +0 hand crossbow
Press: ? - help, Q - select action, (/) - cycle Dir - look around, f - activate You shoot a bolt.
Something hits you.
The orc wizard hits you but does no damage.
a - a +0 rapier (weapon)
You hear some strange, mumbled words.
You are more confused.
You're too confused to move!
The orc wizard casts a spell at you. The puff of flame misses you.
Something hits you but does no damage. The orc wizard barely misses you.
Something barely misses you.
You closely miss something.
The orc wizard hits you with a +0 dagger.
Something hits you. Something hits you but does no damage.
The orc wizard attacks as you move away!
The orc wizard hits you with a +0 dagger.
You enter the shallow water.
Moving in this stuff is going to be slow.
You closely miss the orc wizard.
The orc wizard is severely wounded.
The orc wizard hits you with a +0 dagger.
Something hits you but does no damage.
The orc wizard hits you with a +0 dagger.
You hear some strange, mumbled words.
A puff of flame appears from out of thin air!
The puff of flame hits you!
* * * LOW HITPOINT WARNING * * *
You are engulfed in a cloud of scalding steam.
Something hits you.
* * * LOW HITPOINT WARNING * * *
The orc wizard misses you. Something hits you.
You die...

######### ≈≈≈≈≈≈≈≈≈#
.........≈#######
.........≈#.....#
.≈≈≈≈≈...≈#.....#
...≈.....≈#.....# ######
..$≈$....≈#.....# #.....
≈≈≈))≈≈≈{)'.##.## ###.....
...≈.....@####.####..†....
..)≈=.).o§#.........>.####
.≈≈≈≈≈...≈#.##.####...####
.........≈#[##.# #.......
.........≈#.##.# #.......
≈≈≈≈≈≈≈≈≈≈#.##.#####.#....
###########..#.##....#....
#.##.#..#.......#....
#.......#.##...##....


You could see an orc wizard.

Vanquished Creatures
  4 adders
  A worm (D:3)
  3 dart slugs
  2 orcs (D:3)
  4 endoplasms
  2 giant cockroaches (D:2)
  3 goblins
  A hobgoblin (D:2)
  4 jackals (D:1)
  2 quokkas (D:3)
  5 ball pythons
  2 bats
  2 frilled lizards
  3 kobolds
  4 rats
42 creatures vanquished.

Vanquished Creatures (others)
  An orc (D:3)
1 creature vanquished.

Grand Total: 43 creatures vanquished

Notes
Turn   | Place    | Note
-------+----------+-------------------------------------------
     0 | D:1      | brightshaft the Gnoll Wanderer began the quest for the Orb.
     0 | D:1      | brightshaft set off with the following items: a +0 rapier,
                  | a +0 hand crossbow, a +0 pair of gloves, a potion of
                  | brilliance, a +0 leather armour
     0 | D:1      | Reached XP level 1. HP: 13/13 MP: 4/4
    42 | D:1      | Reached XP level 2. HP: 12/19 MP: 5/5
   364 | D:1      | Found Niar Fikh's Distillery.
   424 | D:1      | Bought a potion of curing for 39 gold pieces
   989 | D:2      | Reached XP level 3. HP: 22/25 MP: 7/7
  1032 | D:2      | Reached skill level 1 in Invocations
  1228 | D:2      | Reached skill level 1 in Fighting
  1228 | D:2      | Reached skill level 1 in Long Blades
  1228 | D:2      | Reached skill level 1 in Axes
  1228 | D:2      | Reached skill level 1 in Maces & Flails
  1228 | D:2      | Reached skill level 1 in Polearms
  1228 | D:2      | Reached skill level 1 in Staves
  1228 | D:2      | Reached skill level 1 in Slings
  1228 | D:2      | Reached skill level 1 in Bows
  1228 | D:2      | Reached skill level 1 in Throwing
  1228 | D:2      | Reached skill level 1 in Stealth
  1228 | D:2      | Reached skill level 1 in Shields
  1228 | D:2      | Reached skill level 1 in Unarmed Combat
  1228 | D:2      | Reached skill level 1 in Evocations
  1354 | D:2      | Reached XP level 4. HP: 32/32 MP: 8/8
  1529 | D:3      | Slain by an orc wizard

Illustrated notes

Levels and vault maps discovered:
D:1:      lemuel_arrival_behind_the_door_small, layout_basic, serial_shops,
          nicolae_shop_temple_entry_statues_fountains, minmay_tromino_v4_c
D:2:      layout_rooms
D:3:      layout_basic, ebering_ecumenical_altar_ruins,
          kennysheep_generic_room_16, uniq_grinder

Skill      XL: |  1  2  3  4 |
---------------+-------------+-----
Invocations    | 1 |  1.2
Fighting       | 1 |  1.1
Long Blades    | 1 |  1.1
Axes           | 1 |  1.1
Maces & Flails | 1 |  1.1
Polearms       | 1 |  1.1
Staves         | 1 |  1.1
Slings         | 1 |  1.1
Bows           | 1 |  1.1
Throwing       | 1 |  1.1
Stealth        | 1 |  1.1
Shields        | 1 |  1.1
Unarmed Combat | 1 |  1.1
Evocations     | 1 |  1.1
Spellcasting   | 3 |  3.0
Short Blades   | |  4.6
Crossbows      | |  2.7
Armour         | |  6.6
Dodging        | |  6.6
Conjurations   | |  0.9
Hexes          | |  0.9
Summonings     | |  0.9
Necromancy     | |  0.9
Translocations | |  0.9
Transmutations | |  0.9
Fire Magic     | |  0.9
Ice Magic      | |  0.9
Air Magic      | |  0.9
Earth Magic    | |  0.9
Poison Magic   | |  0.9

Action                   |  1- 3 |  4- 6 || total
-------------------------+-------+-------++-------
Melee: Rapier            |    19 |    11 ||    30
       Bite              |     2 |     2 ||     4
       Punch             |     1 |       ||     1
 Fire: Hand crossbow     |    71 |    32 ||   103
Armor: Leather armour    |     8 |       ||     8
       Ring mail         |    15 |    21 ||    36
Dodge: Dodged            |    54 |    26 ||    80

Table legend: (Time is in decaauts)
 A = Elapsed time spent in this place.
 B = Non-inter-level travel time spent in this place.
 C = Inter-level travel time spent in this place.
 D = Time resting spent in this place.
 E = Time spent auto-exploring this place.
 F = Levels seen in this place.
 G = Mean time per level.
                   A        B        C        D        E       F      G
               +--------+--------+--------+--------+--------+-----+--------+
         Total |   1573 |   1503 |     70 |      0 |   1183 |   3 |  524.3 |
       Dungeon |   1573 |   1503 |     70 |      0 |   1183 |   3 |  524.3 |
               +--------+--------+--------+--------+--------+-----+--------+

Top non-repeatable levels by time:
     D:1: 938 daAuts
     D:2: 484 daAuts
     D:3: 150 daAuts
